 Dungeon Crawl Stone Soup version 0.28-a0-863-g8cecda6153 (webtiles) character file.

Game seed: 2341914471944463572

20 mcbry74 the Chopper (level 2, -19/26 HPs)
             Began as a Hill Orc Fighter on Nov 17, 2021.
             Killed by an exploding worm (45 damage)
             ... ignited by their inner flame
             ... on level 2 of the Dungeon.
             The game lasted 00:02:11 (578 turns).

mcbry74 the Chopper (Hill Orc Fighter)               Turns: 578, Time: 00:02:13

Health: -19/26     AC:  8    Str: 18    XL:     2   Next: 79%
Magic:  2/2        EV:  9    Int:  8    God:
Gold:   51         SH:  4    Dex: 10    Spells: 1/1 levels left

rFire   . . .      SeeInvis .   a - +0 war axe
rCold   . . .      Faith    .   c - +0 buckler
rNeg    . . .      Spirit   .   b - +0 scale mail
rPois   .          Reflect  .   (no helmet)
rElec   .          Harm     .   (no cloak)
rCorr   .          Rampage  .   g - +0 pair of gloves
Will    .....                   (no boots)
Stlth   ..........              (no amulet)
HPRegen 0.08/turn               (no ring)
MPRegen 0.08/turn               (no ring)

@: no status effects
A: no striking features
a: no special abilities


You were on level 2 of the Dungeon.
You visited 1 branch of the dungeon, and saw 2 of its levels.

You collected 51 gold pieces.

Inventory:

Hand Weapons
 a - a +0 war axe (weapon)
Armour
 b - a +0 scale mail (worn)
 c - a +0 buckler (worn)
 g - a +0 pair of gloves (worn)
Scrolls
 f - a scroll of acquirement {unknown}
 h - a scroll of identify {unknown}
Potions
 d - a potion of might
 i - 2 potions of attraction {unknown}
 j - a potion of resistance {unknown}


   Skills:
 - Level 3.6 Fighting
 + Level 4.3 Axes
 - Level 3.2 Armour
 - Level 3.2 Shields


You had one spell level left.
You didn't know any spells.
Your spell library was empty.

Dungeon Overview and Level Annotations

Branches:
Dungeon (2/15)

Altars:


Message History

The frilled lizard bites you but does no damage.
You miss the frilled lizard. The frilled lizard bites you.
The frilled lizard bites you but does no damage.
You barely miss the frilled lizard.
The frilled lizard bites you but does no damage.
You hit the frilled lizard.
You kill the frilled lizard!
You see here a frilled lizard corpse.
An endoplasm comes into view.
The endoplasm quivers.
The endoplasm moves out of view.
You now have 51 gold pieces (gained 12).
An endoplasm is nearby!
You barely miss the endoplasm.
The endoplasm hits you but does no damage.
The endoplasm freezes you.
You are frozen.
You slash the endoplasm!
You kill the endoplasm!
Found a club.
You see here a +0 club.
You see here a +0 hand axe.
Done exploring.
There is a stone staircase leading down here.
You climb downwards.
Found a sedimented yellow potion.
There is a stone staircase leading up here.
As you read the scroll labelled HUASSU YQOCUMN, it crumbles to dust.
The creatures around you are filled with an inner flame!
It was a scroll of immolation.
You see here a sedimented yellow potion.
You hit the worm.
Flame seeps out of the worm.
The worm is moderately wounded.
You barely miss the worm.
The worm is moderately wounded.
The worm is engulfed in blazing flames.
The worm explodes!
The fiery explosion engulfs you!!!
Ouch! That really hurt!
You die...

.... ###
####.####
≈≈≈##.......#
.≈.#.##.##.#
... #.##.#
#.##.##.#
#....##.#
#..####.#
#..#.##@#
##.....#°#
+......§.#
###....###
#w#.##
#!#####
#<..w.#
#####.#


There were no monsters in sight!

Vanquished Creatures
  A worm (D:2)
  A dart slug (D:1)
  2 ball pythons (D:1)
  2 endoplasms (D:1)
  A giant cockroach (D:1)
  A hobgoblin (D:1)
  4 jackals (D:1)
  A kobold (D:1)
  A bat (D:1)
  A frilled lizard (D:1)
  A rat (D:1)
16 creatures vanquished.

Notes
Turn   | Place    | Note
-------+----------+-------------------------------------------
     0 | D:1      | mcbry74 the Hill Orc Fighter began the quest for the Orb.
     0 | D:1      | Reached XP level 1. HP: 19/19 MP: 1/1
    48 | D:1      | Reached skill level 3 in Axes
    85 | D:1      | Reached XP level 2. HP: 20/26 MP: 2/2
    98 | D:1      | Reached skill level 4 in Axes
   578 | D:2      | Killed by an exploding worm... ignited by their inner flame

Illustrated notes

Levels and vault maps discovered:
D:1:      psy_arrival_statuary, layout_rooms, st_stairs_13
D:2:      layout_loops_corners, serial_rivers, chequers_serial_rivers_micro_b,
          chequers_serial_rivers_micro_d, chequers_serial_rivers_room_b,
          chequers_serial_rivers_large_a, chequers_serial_rivers_large_b,
          chequers_serial_rivers_room_b, basic_ecumenical_altar, basic_altar

Skill      XL: |  1  2 |
---------------+-------+-----
Axes           | 3 4 |  4.3
Fighting       | |  3.6
Armour         | |  3.2
Shields        | |  3.2

Action                   || total
-------------------------++-------
Melee: War axe           ||    44
  Use: Scroll            ||     1
Armor: Scale mail        ||    31
Dodge: Dodged            ||    18
Block: Buckler           ||     8

Table legend: (Time is in decaauts)
 A = Elapsed time spent in this place.
 B = Non-inter-level travel time spent in this place.
 C = Inter-level travel time spent in this place.
 D = Time resting spent in this place.
 E = Time spent auto-exploring this place.
 F = Levels seen in this place.
 G = Mean time per level.
                   A        B        C        D        E       F      G
               +--------+--------+--------+--------+--------+-----+--------+
         Total |    591 |    575 |     16 |      0 |    435 |   2 |  295.5 |
       Dungeon |    591 |    575 |     16 |      0 |    435 |   2 |  295.5 |
               +--------+--------+--------+--------+--------+-----+--------+

Top non-repeatable levels by time:
     D:1: 569 daAuts
     D:2: 22 daAuts
